cohdb
Replays
Latest Replays
All Replays
Popular Replays
Top Player Replays
Match Explorer
How It Works
Community
CoH3 Stats
Reddit
Sign in to upload your games and track your stats! →
Sign in with Steam
Match 43723650
Unlisted
Match 43723650
Overview
Messages
Build Orders
End
Construct Section Command Post
Vickers Machine Gun Team
Infantry Section
Royal Engineer Section
ML 3-inch Mortar Team
Construct Field Infirmary
Royal Engineer Section
Construct Platoon Command Post
6-pounder Anti-tank Gun Team
Infantry Training
Grenade Package
6-pounder Anti-tank Gun Team
Vickers Machine Gun Team
Team Weapon Training
Royal Engineer Section
6-pounder Anti-tank Gun Team
Selects Heavy Armor Battlegroup
Selects Rigorous Vehicle Training
Selects Forward Repair Assembly
Mike
ArmouredTopHat
aSIISpanky
aSIIDemolitionHammer
0
0
Comments
sign in to comment!
No comments posted yet!